 Dungeon Crawl Stone Soup version 0.20.0-15-g7f486f2 (webtiles) character file.

36 Pikken the Skirmisher (level 3, 0/24 HPs)
             Began as a Kobold Berserker on June 18, 2017.
             Was a Believer of Trog.
             Succumbed to an adder's poison
             ... on level 1 of the Dungeon.
             The game lasted 00:04:07 (1131 turns).

Pikken the Skirmisher (Kobold Berserker)            Turns: 1131, Time: 00:04:08

Health: 0/24       AC:  3    Str: 15    XL:     3   Next: 57%
Magic:  3/3        EV: 12    Int:  8    God:    Trog [**....]
Gold:   24         SH:  7    Dex: 14    Spells: 2/2 levels left

rFire    . . .     SeeInvis .   a - +0 mace
rCold    . . .     Gourm    .   g - +0 shield
rNeg     . . .     Faith    .   b - +0 animal skin
rPois    .         Spirit   .   f - +0 helmet
rElec    .         Reflect  .   (no cloak)
rCorr    .         Harm     .   (no gloves)
MR       .....                  (no boots)
Stlth    +.........             (no amulet)
Regen    0.1/turn               (no ring)
MPRegen  0.1/turn               (no ring)

@: lethally poisoned (0 -> -2)
A: carnivore 3
a: Berserk, Trog's Hand, Burn Spellbooks, Renounce Religion


You were on level 1 of the Dungeon.
You worshipped Trog.
Trog was pleased with you.
You were completely stuffed.

You visited 1 branch of the dungeon, and saw 2 of its levels.

You collected 24 gold pieces.

Inventory:

Hand Weapons
 a - a +0 mace (weapon)
Armour
 b - a +0 animal skin (worn)
 f - a +0 helmet (worn)
 g - a +0 shield (worn)
Jewellery
 d - an uncursed ring of protection from cold {unknown}
Potions
 e - a potion of curing
Comestibles
 c - a meat ration


   Skills:
 + Level 3.8 Fighting
 + Level 3.2 Maces & Flails
 + Level 1.7 Armour
 + Level 2.8 Dodging


You had 2 spell levels left.
You didn't know any spells.

Dungeon Overview and Level Annotations

Branches:
Dungeon (2/15)

Altars:


Innate Abilities, Weirdness & Mutations

You are small and have problems with some larger weapons.
You are carnivorous and can eat meat at any time.


Message History

The bat hits you but does no damage.
You feel sick. The bat hits you.
* * * LOW HITPOINT WARNING * * *
You block the jackal's attack.
You hit the bat but do no damage. You block the bat's attack.
The bat misses you. The bat barely misses you. The adder barely misses you.
The jackal barely misses you. The adder bites you.
* * * LOW HITPOINT WARNING * * *
The jackal misses you. The bat hits you but does no damage.
You barely miss the bat. The bat hits you.
* * * LOW HITPOINT WARNING * * *
The adder closely misses you. You block the jackal's attack.
The adder bites you but does no damage.
* * * LOW HITPOINT WARNING * * *
You feel sick. The bat hits you but does no damage. The jackal misses you.
The bat hits you.
* * * LOW HITPOINT WARNING * * *
You block the jackal's attack. The jackal barely misses you.
The adder misses you.
You die...

..# ##....##.##.♣♣.......♣♣ # ..#
##......##..♣♣♣♣8♣♣♣♣
.##########.#.#..#####..♣♣♣
............#.#...# ###..#### ##
........#####.....####.>.....###.
........# ###..b.............#.
........# ##Sh......♣.♣..#.#.
........# #.####.....)....#.
######### #@# #.♣#♣.♣.♣.... #.##
#..........## ♣ #..# ##♣#♣#♣#♣.##
♣######## ##.# ##......##
♣.......##### #.######..####.(#
.♣#####.....#####...##...#...(#..
PP## #####............###....###
...# ###......###........#
♣♣.#########.......# #.###....#


You could see an adder, a jackal and a bat.

Vanquished Creatures
  An ooze (D:1)
  A dart slug (D:1)
  2 leopard geckos (D:1)
  6 bats
  A goblin (D:1)
  4 hobgoblins (D:1)
  3 jackals (D:1)
  5 kobolds (D:1)
  A frilled lizard (D:1)
  A rat (D:1)
25 creatures vanquished.

Notes
Turn   | Place    | Note
-------+----------+-------------------------------------------
     0 | D:1      | Pikken the Kobold Berserker began the quest for the Orb.
     0 | D:1      | Reached XP level 1. HP: 14/14 MP: 1/1
   319 | D:1      | Reached XP level 2. HP: 20/20 MP: 2/2
   541 | D:1      | Reached XP level 3. HP: 14/24 MP: 3/3
   970 | D:1      | Reached ** piety under Trog
  1128 | D:1      | HP: 1/24 [bat (1)]
  1131 | D:1      | Succumbed to an adder's poison

Skill      XL: |  1  2 |
---------------+-------+-----
Maces & Flails | 3 |  3.2
Fighting       | |  3.8
Armour         | |  1.7
Dodging        | |  2.8

Action                   || total
-------------------------++-------
Melee: Mace              ||   113
  Use: Potion            ||     1
  Eat: Chunk             ||     9
Armor: Animal skin       ||    42
Dodge: Dodged            ||   153
Block: Shield            ||    19
